 Dungeon Crawl Stone Soup version 0.24.1-4-ge52af88ad5 (webtiles) character file.

Game seed: 2764546820174624841, levelgen mode: deterministic

1858 Curus the Carver (level 8, -2/94 HPs)
             Began as a White Draconian Berserker on Apr 18, 2020.
             Was an Elder of Trog.
             Slain by an orc warrior
             ... wielding a +0 glaive
              (15 damage)
             ... on level 7 of the Dungeon.
             The game lasted 00:29:56 (5460 turns).

Curus the Carver (White Draconian Berserker)        Turns: 5460, Time: 00:29:57

Health: -2/94      AC:  6    Str: 27    XL:     8   Next: 89%
Magic:  8/8        EV: 13    Int:  8    God:    Trog [****..]
Gold:   286        SH:  0    Dex: 12    Spells: 7/7 levels left

rFire    . . .     SeeInvis .   l - +1 long sword
rCold    + . .     Gourm    .   (no shield)
rNeg     . . .     Faith    .   (armour unavailable)
rPois    .         Spirit   .   (helmet restricted)
rElec    .         Reflect  .   (no cloak)
rCorr    +         Harm     .   (no gloves)
MR       .....     Clarity  +   (no boots)
Stlth    ..........             (no amulet)
HPRegen  0.25/turn              i - ring of resist corrosion
MPRegen  0.11/turn              j - +5 ring of slaying

@: berserking, very quick
A: breathe frost, unfitting armour, clarity, cold resistance 1, strong 1,
cold-blooded, AC +6
a: Breathe Frost, Berserk, Trog's Hand, Brothers in Arms, Renounce Religion


You were on level 7 of the Dungeon.
You worshipped Trog.
Trog was greatly pleased with you.
You were not hungry.

You visited 1 branch of the dungeon, and saw 7 of its levels.
You also visited: Ossuary.

You collected 286 gold pieces.

Inventory:

Hand Weapons
 a - a +2 falchion
 l - a +1 long sword (weapon)
Jewellery
 i - a ring of resist corrosion (left hand)
 j - a +5 ring of slaying (right hand)
Wands
 f - a wand of flame (4)
 h - a wand of polymorph (9)
 k - a wand of digging (1)
Scrolls
 e - 4 scrolls of remove curse
 m - 3 scrolls of identify
Potions
 c - a potion of agility
 d - a potion of mutation
 g - 3 potions of heal wounds
 n - 5 potions of curing
 o - a potion of flight
Comestibles
 b - 7 rations


   Skills:
 - Level 3.2 Fighting
 + Level 11.7 Long Blades
 - Level 2.6 Dodging


You had 7 spell levels left.
You didn't know any spells.
Your spell library was empty.

Dungeon Overview and Level Annotations

Branches:
Dungeon (7/15)            Ossuary (visited)
 Temple: D:4-7

Altars:
Cheibriados
Gozag
Makhleb
Wu Jian
Yredelemnul


Innate Abilities, Weirdness & Mutations

You can breathe waves of freezing cold.
You can buffet flying creatures when you breathe cold.
Your icy white scales are hard. (AC +6)
You cannot fit into any form of body armour.
Your flesh is cold resistant. (rC+)
You are cold-blooded and may be slowed by cold attacks.
You possess an exceptional clarity of mind.
Your muscles are strong. (Str +2)


Message History

Trog accepts your kill.
The orc warrior hits you with a +0 glaive!
You see here an orc corpse.
You barely miss the orc warrior. You tail-slap the orc warrior.
The orc warrior is lightly wounded.
The orc warrior hits you with a +0 glaive!!
* * * LOW HITPOINT WARNING * * *
A red film seems to cover your vision as you go berserk!
You feel yourself moving faster!
You feel mighty!
You feel a lot more hungry.
You slash the orc warrior!
You tail-slap the orc warrior, but do no damage.
The orc warrior is heavily wounded.
The orc warrior hits you with a +0 glaive!
* * * LOW HITPOINT WARNING * * *
You slash the orc warrior!
Your tail-slap misses the orc warrior.
The orc warrior is almost dead.
You hit the orc warrior.
The orc warrior is almost dead.
The orc warrior hits you with a +0 glaive!
You die...

#.# #.# #.# #.#
#.# #o# #o# #@#
#.# #.# ##########
#.# #......... #.#
#......... #.#
#......... #.#
#.........
#.#######.....)...
#.................


You could see an orc warrior and an orc.

Vanquished Creatures
  Sigmund (D:6)
  Eustachio (D:6)
  Edmund (D:6)
  An orc warrior (D:6)
  An ice beast (D:6)
  2 ogres
  An elf zombie (Ossuary)
  2 scorpions
  5 wights (D:6)
  A howler monkey (D:5)
  A centaur zombie (Ossuary)
  4 crimson imps
  A centaur skeleton (D:4)
  A human zombie (Ossuary)
  A jelly (D:6)
  An orc priest (D:7)
  2 iguanas (D:6)
  3 orc wizards
  2 worker ants
  2 big kobold zombies (Ossuary)
  2 mummies (Ossuary)
  A howler monkey zombie (D:3)
  A shadow imp (D:5)
  2 oozes (D:5)
  An adder skeleton (D:6)
  3 worms
  3 leopard geckos
  22 orcs
  7 bats
  5 giant cockroaches
  7 goblins
  5 hobgoblins
  4 jackals (D:3)
  3 quokkas
  6 frilled lizards
  2 goblin zombies (Ossuary)
  7 hobgoblin zombies (Ossuary)
  2 jackal skeletons (D:4)
  2 jackal zombies (Ossuary)
  5 kobolds
  9 kobold zombies (Ossuary)
  9 orc zombies (Ossuary)
  A quokka zombie (D:7)
  5 rats
  3 rat zombies (Ossuary)
151 creatures vanquished.

Notes
Turn   | Place    | Note
-------+----------+-------------------------------------------
     0 | D:1      | Curus the Draconian Berserker began the quest for the Orb.
     0 | D:1      | Reached XP level 1. HP: 19/19 MP: 1/1
   403 | D:1      | Gained mutation: Your flesh is cold resistant. (rC+)
                  | [potion of mutation]
   403 | D:1      | Gained mutation: You possess an exceptional clarity of
                  | mind. [potion of mutation]
   403 | D:1      | Gained mutation: Your muscles are strong. (Str +2) [potion
                  | of mutation]
   543 | D:2      | Reached XP level 2. HP: 26/26 MP: 2/2
   714 | D:2      | Reached skill level 4 in Long Blades
   887 | D:2      | Reached XP level 3. HP: 31/31 MP: 3/3
  1116 | D:3      | Reached ** piety under Trog
  1141 | D:3      | Reached skill level 5 in Long Blades
  1141 | D:3      | Reached XP level 4. HP: 19/38 MP: 4/4
  1394 | D:3      | Found a basalt altar of Yredelemnul.
  1825 | D:3      | Found a faded altar of an unknown god.
  1957 | D:4      | Reached XP level 5. HP: 30/45 MP: 5/5
  1983 | D:4      | Reached skill level 6 in Long Blades
  2243 | D:4      | Reached *** piety under Trog
  2497 | D:4      | Found an ornate altar of the Wu Jian Council.
  2497 | D:4      | Found an opulent altar of Gozag.
  2745 | D:5      | Entered Level 5 of the Dungeon
  2776 | D:5      | Found a burning altar of Makhleb.
  2776 | D:5      | Noticed a blizzard demon
  2779 | D:5      | Noticed a ynoxinul
  2779 | D:5      | Noticed a smoke demon
  2859 | D:5      | Reached XP level 6. HP: 51/51 MP: 6/6
  2875 | D:5      | Reached skill level 7 in Long Blades
  3097 | D:5      | Found a snail-covered altar of Cheibriados.
  3325 | D:5      | Reached skill level 8 in Long Blades
  3325 | D:5      | Your scales start taking on an icy white colour.
  3325 | D:5      | Reached XP level 7. HP: 34/57 MP: 7/7
  3325 | D:5      | Mutation became permanent: Your flesh is cold resistant.
                  | (rC+) [White Draconian growth]
  3325 | D:5      | Gained mutation: Your flesh is cold resistant. (rC+) [White
                  | Draconian growth]
  3549 | D:6      | Noticed Eustachio
  3560 | D:6      | Killed Eustachio
  3585 | D:6      | Reached skill level 9 in Long Blades
  3953 | D:6      | Noticed Sigmund
  3961 | D:6      | Reached XP level 8. HP: 14/63 MP: 8/8
  3971 | D:6      | Reached skill level 10 in Long Blades
  3974 | D:6      | Killed Sigmund
  4409 | D:6      | Noticed Edmund
  4424 | D:6      | Killed Edmund
  4425 | D:6      | Reached skill level 11 in Long Blades
  4888 | D:7      | Found a sand-covered staircase.
  4896 | Ossuary  | Entered an ossuary
  4913 | Ossuary  | Reached **** piety under Trog
  5460 | D:7      | Slain by an orc warrior

Levels and vault maps discovered:
D:1:      nzn_arrival_depleted_hourglass, layout_rooms, patterned_corridor
D:2:      layout_basic
D:3:      layout_loops_ring, yredelemnul_altar_generic,
          chequers_ecumenical_altar_simple_redux
D:4:      layout_rooms, gammafunk_temple_overflow_statue, first_ration
D:5:      layout_basic, kennysheep_little_box, makhleb_altar_promises_db
D:6:      layout_cave_pools, uniq_edmund, uniq_eustachio, uniq_sigmund
D:7:      layout_basic, minmay_temple_entry_proselytizer, enter_ossuary_1

Skill      XL: |  1  2  3  4  5  6  7  8 |
---------------+-------------------------+-----
Long Blades    | 4 5 6 8 9 11 | 11.7
Fighting       | |  3.2
Dodging        | |  2.6

Action                   |  1- 3 |  4- 6 |  7- 9 || total
-------------------------+-------+-------+-------++-------
Melee: Falchion          |    78 |   111 |       ||   189
       Tailslap          |     9 |    21 |    35 ||    65
       Long sword        |       |    15 |   180 ||   195
Invok: Berserk           |     1 |     1 |     4 ||     6
 Abil: Breathe Frost     |       |       |     1 ||     1
  Use: Scroll            |     6 |     2 |     2 ||    10
       Potion            |     6 |     2 |     2 ||    10
 Stab: Sleeping          |     1 |       |       ||     1
       Distracted        |       |       |     1 ||     1
  Eat: Chunk             |     1 |     9 |     4 ||    14
       Ration            |       |       |     2 ||     2
Armor: Skin              |    28 |    36 |    20 ||    84
Dodge: Dodged            |    44 |    75 |    68 ||   187
       Rpst.: Falchion   |    16 |    22 |       ||    38
       Long sword        |       |     1 |    22 ||    23
